 Dungeon Crawl Stone Soup version 0.31-a0-596-g831eee08f1 (console) character file.

Game seed: 16344349265204050845

263323 petzl the Eclecticist (level 21, 2/158 HPs)
             Began as a Formicid Delver on Aug 20, 2023.
             Was a High Priest of Vehumet.
             Quit the game on level 3 of the Snake Pit on Aug 22, 2023.
             The game lasted 05:54:37 (56286 turns).

petzl the Eclecticist (Formicid Delver)            Turns: 56286, Time: 05:54:38

Health: 2/158      AC: 12    Str: 19    XL:     21   Next: 28%
Magic:  37/41      EV: 15    Int: 21    God:    Vehumet [*****.]
Gold:   1165       SH: 19    Dex: 15    Spells: 4/52 levels left

rFire   + . .        a - +10 hand axe {flame, rN+ Will++ Int+2, !f =f}
rCold   + . .        C - +2 kite shield {rC+ rF+}
rNeg    + . .        h - +2 robe {Will+}
rPois   +            (helmet unavailable)
rElec   .            G - +1 cloak
rCorr   .            Y - +2 pair of gloves
SInv    +            m - +0 pair of boots
Will    +++++        F - amulet of reflection
Stlth   ++++++       M - ring "Lelimp" {rPois Stlth+}
HPRegen 0.46/turn    p - +5 ring of evasion
MPRegen 0.27/turn

%: reflection
@: constricted, studying Axes
A: permanent stasis, dig shafts and tunnels, antennae 3, four strong arms
}: 1/15 runes: decaying
a: Dig, Shaft Self, Renounce Religion


You were on level 3 of the Snake Pit.
You worshipped Vehumet.
Vehumet was extremely pleased with you.
You visited 8 branches of the dungeon, and saw 34 of its levels.

You collected 3943 gold pieces.
You spent 2778 gold pieces at shops.

Inventory:

Hand Weapons
 a - the +10 hand axe of petzl's Pain and Death (weapon) {flame, rN+ Will++ Int+2, !f =f}
   (You found it on level 3 of the Dungeon)

   Int+2:     It affects your intelligence (+2).
   rN+:       It protects you from negative energy.
   Will++:    It greatly increases your willpower.
 b - the +3 orcbow of Action {freeze, rElec rC+ MP+9 Dex+5}
   (You bought it in a shop on level 2 of the Orcish Mines)

   Dex+5:     It affects your dexterity (+5).
   rC+:       It protects you from cold.
   rElec:     It insulates you from electricity.
   MP+9:      It affects your magic capacity (+9).
 d - a +3 scimitar of holy wrath
 e - the +8 hand axe of Experimentation {heavy, rPois rF+ rC+ SInv, !f =f}
   (You found it on level 5 of the Dungeon)

   rF+:       It protects you from fire.
   rC+:       It protects you from cold.
   rPois:     It protects you from poison SInv: It lets you see invisible.
Missiles
 c - 8 silver javelins
 z - a throwing net
 I - 5 curare-tipped darts (quivered)
Armour
 h - a +2 robe of willpower (worn)
 m - a +0 pair of boots (worn)
 C - a +2 kite shield of resistance (worn)
 G - a +1 cloak (worn)
 K - a +1 troll leather armour
 Y - a +2 pair of gloves (worn)
Jewellery
 p - a +5 ring of evasion (right hand)
 F - an amulet of reflection (around neck)
 M - the ring "Lelimp" (left hand) {rPois Stlth+}
   (You took it off a deep elf elementalist on level 3 of the Elven Halls)

   [ring of poison resistance]

   rPois:     It protects you from poison Stlth+: It makes you more stealthy.
 W - a ring of flight
 X - an amulet of regeneration
Wands
 v - a wand of iceblast (31)
 x - a wand of digging (1)
 D - a wand of quicksilver (16)
 Q - a wand of polymorph (10)
 U - a wand of charming (33)
 Z - a wand of mindburst (5)
Scrolls
 f - 11 scrolls of identify
 s - 3 scrolls of revelation
 y - 2 scrolls of fear
 A - 3 scrolls of poison
 J - 2 scrolls of silence
Potions
 g - a potion of magic
 i - 4 potions of enlightenment
 l - 4 potions of ambrosia
 q - 15 potions of curing
 t - 3 potions of heal wounds
 B - 3 potions of brilliance
 E - 5 potions of cancellation
 L - a potion of invisibility
 O - a potion of resistance
 S - 6 potions of lignification
Miscellaneous
 j - a sack of spiders
 k - a tin of tremorstones (2/2)
 u - a lightning rod (4/4)
 w - a phantom mirror


   Skills:
 + Level 11.6 Fighting
 - Level 4.7(5.0) Axes
 - Level 2.0(3.6) Maces & Flails
 - Level 3.8 Ranged Weapons
 + Level 10.4 Armour
 - Level 5.0 Dodging
 - Level 12.0 Stealth
 + Level 12.6 Shields
 - Level 16.0 Spellcasting
 + Level 13.7 Conjurations
 + Level 9.8 Necromancy
 + Level 12.2 Translocations
 * Level 8.3 Fire Magic
 - Level 8.0 Ice Magic
 - Level 8.0 Air Magic
 - Level 5.5 Earth Magic
 - Level 4.0 Poison Magic
 - Level 3.0 Evocations


You had 4 spell levels left.
You knew the following spells:

 Your Spells              Type           Power      Damage    Failure   Level
a - Plasma Beam           Fire/Air       25%        2x1d37    9%          6
b - Hailstorm             Conj/Ice       58%        3d13      1%          3
d - Iskenderun's Mystic   Conj/Tloc      64%        2d13      1%          4
l - Freezing Cloud        Conj/Ice/Air   27%        6-21      1%          5
m - Mephitic Cloud        Conj/Pois/Air  52%        N/A       1%          3
o - Orb of Destruction    Conj           32%        9d10      5%          7
p - Passage of Golubria   Tloc           62%        N/A       1%          4
s - Sticky Flame          Conj/Fire      58%        2d7       1%          4
u - Sublimation of Blood  Necr           55%        N/A       1%          2
C - Conjure Ball Lightni  Conj/Air       29%        3x3d8     3%          6
T - Olgreb's Toxic Radia  Pois           33%        N/A       3%          4

Your spell library contained the following spells:

 Spells                   Type           Power      Damage    Failure   Level
 Chain Lightning          Conj/Air       29%        3d38      100%        9
 Polar Vortex             Ice            25%        12d3*     100%        9
 Shatter                  Erth           20%        3d18*     100%        9
 Magic Dart               Conj           100%       1d8       0%          1
 Apportation              Tloc           100%       N/A       1%          1
 Freeze                   Ice            100%       1d10      1%          1
 Kiss of Death            Conj/Necr      100%       2d13      1%          1
 Necrotise                Necr           100%       1d9       1%          1
 Sandblast                Erth           80%        2d17      1%          1
 Shock                    Conj/Air       100%       1d9       1%          1
 Ensorcelled Hibernation  Hex/Ice        66%        N/A       1%          2
 Lesser Beckoning         Tloc           100%       N/A       1%          2
 Momentum Strike          Conj/Tloc      100%       3d10      1%          2
 Poisonous Vapours        Pois/Air       84%        N/A       1%          2
 Searing Ray              Conj           100%       2d8       1%          2
 Frozen Ramparts          Ice            100%       1d16      1%          3
 Portal Projectile        Hex/Tloc       84%        N/A       1%          3
 Stone Arrow              Conj/Erth      100%       3d13      1%          3
 Vampiric Draining        Necr           55%        2d9       1%          3
 Airstrike                Air            25%        2d(4-20)  1%          4
 Animate Dead             Necr           55%        N/A       1%          4
 Dispel Undead            Necr           55%        3d20      1%          4
 Fulminant Prism          Conj/Hex       22%        3d12      1%          4
 Manifold Assault         Tloc           62%        N/A       1%          4
 Sting                    Tmut/Pois      100%       1d8       2%          1
 Passwall                 Tmut/Erth      23%        N/A       3%          2
 Summon Small Mammal      Summ           64%        N/A       6%          1
 Call Imp                 Summ           32%        N/A       9%          2
 Wereblood                Tmut           16%        N/A       9%          2
 Anguish                  Hex/Necr       18%        N/A       9%          4
 Summon Ice Beast         Ice/Summ       33%        N/A       12%         4
 Summon Lightning Spire   Summ/Air       33%        N/A       12%         4
 Call Canine Familiar     Summ           16%        N/A       19%         3
 Confusing Touch          Hex            16%        N/A       19%         3
 Summon Guardian Golem    Hex/Summ       16%        N/A       19%         3
 Tukima's Dance           Hex            16%        N/A       19%         3
 Animate Armour           Summ/Erth      56%        N/A       19%         4
 Leda's Liquefaction      Hex/Erth       14%        N/A       19%         4
 Petrify                  Tmut/Erth      28%        N/A       19%         4
 Cause Fear               Hex            8%         N/A       52%         4
 Arcjolt                  Conj/Air       29%        1d39      1%          5
 Fireball                 Conj/Fire      29%        3d13      1%          5
 Iskenderun's Battlesphe  Conj           65%        2d11      1%          5
 Irradiate                Conj/Tmut      22%        3d19      2%          5
 Agony                    Necr           55%        N/A       3%          5
 Lee's Rapid Deconstruct  Erth           20%        3d12*     4%          5
 Leda's Unmaking          Conj/Erth      27%        9d5       5%          6
 Dispersal                Tloc           31%        N/A       6%          6
 Borgnjor's Vile Clutch   Necr/Erth      24%        N/A       7%          5
 Summon Forest            Summ/Tloc      21%        N/A       14%         5
 Death Channel            Necr           27%        N/A       17%         6
 Simulacrum               Ice/Necr       26%        N/A       24%         6
 Silence                  Hex/Air        16%        N/A       32%         5
 Spellforged Servitor     Conj/Summ      22%        N/A       58%         7
 Eringya's Noxious Bog    Tmut/Pois      12%        4d6       67%         6
 Summon Mana Viper        Hex/Summ       16%        N/A       86%         5
 Lehudib's Crystal Spear  Conj/Erth      27%        10d7      86%         8
 Disjunction              Tloc           31%        N/A       95%         8
 Ignition                 Fire           25%        3d9       95%         8
 Maxwell's Capacitive Co  Air            25%        ∞         96%         8
 Summon Cactus Giant      Summ           8%         N/A       100%        6
 Discord                  Hex            8%         N/A       100%        8
 Dragon's Call            Summ           8%         N/A       100%        9
 Blink                    Tloc           Unusable   N/A       N/A         2
 Swiftness                Air            Unusable   N/A       N/A         3
 Vhi's Electric Charge    Tloc/Air       Unusable   N/A       N/A         3

Dungeon Overview and Level Annotations

Branches:
Dungeon (15/15)            Temple (1/1) D:5            Lair (5/5) D:8
  Swamp (4/4) Lair:2        Snake (3/4) Lair:3        Slime (1/5) Lair:5
    Orc (2/2) D:10            Elf (3/3) Orc:2        Vaults (0/5) D:13
 Depths (0/4) D:15

Altars:
Ashenzari
Cheibriados
Dithmenos
Elyvilon
Fedhas
Gozag
Hepliaklqana
Kikubaaqudgha
Makhleb
Nemelex Xobeh
Okawaru
Qazlal
Ru
Sif Muna
Trog
Uskayaw
Vehumet
Wu Jian
Xom
Yredelemnul
Zin
The Shining One

Shops:
D:9 :   Orc:2 **[:*(=!   Elf:1 *[

Annotations:
D:14 2 transporters, Ynonecli's ghost, journeyman NaHu
Lair:5 exclusion: downstairs
Swamp:3 exclusion: downstairs
Snake:1 exclusion: downstairs, Mlioglotl
Elf:1 exclusion: downstairs


Innate Abilities, Weirdness & Mutations

You cannot be hasted, slowed, berserked, paralysed or teleported.
You can dig through walls and to a lower floor.
You have a pair of large antennae on your head. (SInv)
Your four strong arms can wield two-handed weapons with a shield.


Message History

Okay, then.
Unknown command.
Unknown command.
Okay, then.
Unknown command.
Press: ? - help, v - describe, . - travel
Here: an anaconda (lightly wounded)
The floor.
Unknown command.
Unknown command.
You feel better.
The naga warrior no longer looks unusually toxic.
You block the anaconda's attack. The black mamba misses you.
You block the shock serpent's attack.
The anaconda bites you but does no damage.
The anaconda constricts you.
* * * LOW HITPOINT WARNING * * *
The black mamba closely misses you. The black mamba barely misses you.
A naga comes into view. It is wielding a +0 battleaxe.
The naga barely misses you. You block the anaconda's attack.
The black mamba bites you.
* * * LOW HITPOINT WARNING * * *
The salamander hits you from afar with a +0 halberd!
* * * LOW HITPOINT WARNING * * *
You are engulfed in flames.
You resist.
* * * LOW HITPOINT WARNING * * *
The shock serpent splashes around in the water.
The naga mage casts a spell at the naga warrior.
The naga warrior seems to grow toxic.
Unknown command.
Unknown command.
Unknown command.
Unknown command.
Okay, then.
Welcome back, petzl the Formicid Delver.
Vehumet says: Let it end in hellfire!
Press ? for a list of commands and other information.
Okay, then.
Okay, then.
Are you sure you want to abandon this character and quit the game? (Confirm with "yes".)

#.[## ####..#..
.........
........ {
,#'''''# .
##NN...##..
+NSNN>..'..
+S@SN~..'..
+SSS8~~.'..
+NSN≈N<.'..
+.NN~.N.'..
##N..N.##..
{#'')'N#,,,
,.NN...N..N.
.......N...##
....N.###..#...,{
...N.. ..?N..
...... ..#[.N
...... ..#..


You could see 5 naga warriors, 4 naga sharpshooters, a salamander (strong), 2
anacondas, a shock serpent (poisoned), 4 black mambas, 4 naga magi and 5 nagas.

Vanquished Creatures
  Jorgrun (Swamp:1)
  Rupert (D:14)
  3 deep elf master archers (Elf:3)
  2 deep elf blademasters (Elf:3)
  Aizul (Snake:2)
  Kirke (Snake:2)
  2 fenstrider witches
  Roxanne (Snake:1)
  2 nagarajas
  A frost giant (D:13)
  3 deep elf sorcerers (Elf:3)
  5 deep elf elementalists (Elf:3)
  An orc warlord (Orc:1)
  A war gargoyle (D:13)
  An eleionoma (Swamp:2)
  3 deep elf demonologists
  8 deep elf annihilators (Elf:3)
  A minotaur (Lair:2)
  7 bunyips
  2 dire elephants (Lair:5)
  3 fire dragons (Swamp:4)
  Josephine (Lair:4)
  3 ettins (D:13)
  7 deep elf death magi
  A yaktaur captain (D:13)
  An entropy weaver (D:13)
  Fannar (Lair:1)
  4 deep elf high priests
  A salamander tyrant (Snake:2)
  15 hydras
  3 ghost crabs
  A vault guard (D:13)
  An ogre mage (D:15)
  15 anacondas
  3 catoblepae
  3 boulder beetles
  17 alligators
  3 centaur warriors
  10 two-headed ogres
  A death knight (D:15)
  27 dancing weapons
  Urug (D:10)
  A deep troll earth mage (D:13)
  3 orc high priests
  5 death yaks
  A spectral dire elephant (Lair:5)
  10 naga sharpshooters
  5 naga warriors
  3 tengu warriors
  18 deep elf knights
  7 shock serpents
  5 skeletal warriors (D:14)
  A fire crab (Swamp:4)
  2 salamander mystics
  6 goliath frogs
  3 skysharks
  A death drake (Swamp:2)
  3 large abominations (Elf:1)
  3 deep trolls
  2 cherubim (Elf:3)
  3 spriggan druids
  2 bunyip zombies (Swamp:4)
  11 naga ritualists
  A spectral anaconda (Lair:5)
  17 deep elf archers
  7 swamp dragons
  4 bunyip skeletons (Swamp:4)
  An obsidian statue (Lair:5)
  20 deep elf pyromancers
  3 orc knights
  A wizard (D:15)
  2 phantasmal warriors
  8 bog bodies
  A spriggan simulacrum (Swamp:4)
  3 lindwurms
  5 necromancers
  32 deep elf zephyrmancers
  5 will-o-the-wisps
  10 mana vipers
  6 orc sorcerers
  19 ugly things
  3 manticores
  2 salamanders (Snake:2)
  5 cyclopes
  27 elephants
  2 rust devils (D:6)
  8 naga magi
  A centaur zombie (D:14)
  2 guardian serpents (Snake:2)
  36 black mambas
  2 torpor snails
  A gargoyle (D:12)
  13 cane toads
  Maggie (D:9)
  7 rime drakes
  2 efreet
  12 komodo dragons
  2 tengu conjurers (D:15)
  A freezing wraith (D:15)
  A harpy zombie (D:14)
  6 trolls
  2 bloated husks
  2 hornets
  8 tyrant leeches
  A polar bear (Lair:2)
  2 wolf spider simulacra (D:15)
  5 dream sheep (Lair:3)
  A meliai zombie (D:14)
  16 blink frogs
  14 slime creatures
  4 spriggans
  A culicivora (shapeshifter) (D:13)
  2 fire elementals (Elf:1)
  5 water elementals
  A shadow (D:14)
  3 air elementals
  7 basilisks
  2 vampires
  A human (Snake:2)
  4 fire bats (Swamp:4)
  47 yaks
  9 wraiths
  Grum (D:9)
  A wyvern (Lair:3)
  9 vampire mosquitoes
  6 steam dragons (Swamp:4)
  A hog (Snake:2)
  9 wargs
  24 nagas
  11 swamp worms
  A spectral cane toad (Lair:5)
  3 acid dragons
  12 water moccasins
  6 swamp drakes
  A black bear (D:5)
  28 orc warriors
  2 ice beasts
  12 wolves
  8 ogres
  3 centaurs
  2 elephant skeletons (Lair:5)
  2 phantoms
  5 kobold brigands
  3 elf zombies (Elf:1)
  A gnoll sergeant (D:9)
  2 scorpions
  9 bullfrogs
  An earth elemental (Elf:1)
  19 wights
  An elephant simulacrum (Lair:5)
  4 killer bees
  A howler monkey (D:14)
  8 electric eels
  A lava snake (Swamp:4)
  3 hounds
  5 jellies
  7 orc priests
  Jessica (D:3)
  Ijyb (D:4)
  4 iguanas
  2 sleepcaps (D:5)
  Natasha (thrice) (D:4)
  20 orc wizards
  5 adders
  7 gnolls
  A river rat (shapeshifter) (D:11)
  2 shadow imps
  8 white imps
  4 worms
  4 dart slugs
  40 orcs
  A ball python (shapeshifter) (D:15)
  A bat (D:1)
  11 endoplasms
  4 giant cockroaches
  15 goblins
  A hobgoblin (shapeshifter) (D:11)
  5 hobgoblins
  3 jackals (D:3)
  10 quokkas
  6 ball pythons
  A frilled lizard (D:2)
  22 kobolds
  5 rats
1079 creatures vanquished.

Vanquished Creatures (collateral kills)
  An orc priest (D:10)
  7 ball lightnings
8 creatures vanquished.

Vanquished Creatures (others)
  A deep elf knight (Elf:2)
  A deep elf zephyrmancer (Elf:1)
  A slime creature (D:15)
  A steam dragon (Swamp:4)
  2 humans (Snake:2)
  A basilisk (D:15)
  An acid dragon (D:10)
  3 swamp drakes (Swamp:4)
  67 ball lightnings
  43 foxfires (Swamp:4)
121 creatures vanquished.

Grand Total: 1208 creatures vanquished

Notes
Turn   | Place    | Note
-------+----------+-------------------------------------------
     0 | D:5      | petzl the Formicid Delver began the quest for the Orb.
     0 | D:5      | Reached XP level 1. HP: 18/18 MP: 1/1
    23 | D:5      | Noticed an ogre
    49 | D:5      | You fall into a shaft and drop 1 floor!
    52 | D:6      | Noticed a hound
   109 | D:6      | Noticed an iguana
   146 | D:6      | Noticed a hound
   148 | D:6      | Noticed an iguana
   163 | D:5      | Reached skill level 1 in Spellcasting
   163 | D:5      | Reached XP level 2. HP: 14/24 MP: 1/4
   298 | D:3      | Identified the +10 hand axe of petzl's Pain and Death
                  | {flame, rN+ Will++ Int+2}
   341 | D:2      | Reached skill level 2 in Spellcasting
   364 | D:2      | Reached XP level 3. HP: 27/29 MP: 6/6
   600 | D:1      | Reached skill level 3 in Spellcasting
  1010 | D:2      | Reached XP level 4. HP: 34/35 MP: 8/8
  1610 | D:3      | Found a faded altar of an unknown god.
  1695 | D:3      | Noticed Jessica
  1701 | D:3      | Killed Jessica
  1702 | D:3      | Reached skill level 1 in Axes
  1702 | D:3      | Reached skill level 4 in Spellcasting
  1702 | D:3      | Reached XP level 5. HP: 41/41 MP: 9/11
  1902 | D:3      | Found a basalt altar of Yredelemnul.
  1902 | D:3      | Found a burning altar of Makhleb.
  1903 | D:3      | Found a sacrificial altar of Ru.
  1968 | D:4      | Noticed Ijyb
  1977 | D:4      | Killed Ijyb
  2081 | D:4      | Noticed Natasha
  2085 | D:4      | Killed Natasha
  2086 | D:4      | Reached XP level 6. HP: 47/47 MP: 12/12
  2143 | D:4      | Noticed Natasha
  2166 | D:4      | Killed Natasha
  2423 | D:4      | Reached skill level 1 in Armour
  2459 | D:4      | Noticed Natasha
  2469 | D:4      | Killed Natasha
  2470 | D:4      | Reached skill level 1 in Evocations
  2871 | D:5      | Reached XP level 7. HP: 51/53 MP: 13/13
  2916 | D:5      | Reached skill level 1 in Ranged Weapons
  2926 | D:5      | Found a staircase to the Ecumenical Temple.
  3105 | Temple   | Entered the Ecumenical Temple
  3119 | Temple   | Became a worshipper of Vehumet
  3200 | D:5      | Learned a level 3 spell: Hailstorm
  3290 | D:5      | Reached XP level 8. HP: 60/60 MP: 15/15
  3343 | D:5      | Identified the +8 hand axe of Experimentation {heavy, rPois
                  | rF+ rC+ SInv}
  3444 | D:5      | Reached skill level 5 in Spellcasting
  3664 | D:5      | Reached skill level 1 in Ice Magic
  3698 | D:5      | Reached skill level 1 in Conjurations
  4141 | D:5      | Reached * piety under Vehumet
  4141 | D:5      | Offered knowledge of Freeze by Vehumet.
  4149 | D:5      | Learned a level 5 spell: Arcjolt
  5026 | D:5      | Noticed a rust devil
  5026 | D:5      | Noticed a rust devil
  5296 | D:6      | Reached XP level 9. HP: 47/65 MP: 17/17
  5419 | D:8      | Reached skill level 1 in Air Magic
  6186 | D:7      | Got the Compendium of Hyperthermia and Alteration
  6206 | D:7      | Reached ** piety under Vehumet
  6206 | D:7      | Offered knowledge of Shock by Vehumet.
  6466 | D:7      | Reached skill level 6 in Spellcasting
  6653 | D:7      | Learned a level 3 spell: Mephitic Cloud
  6658 | D:7      | Learned a level 4 spell: Sticky Flame
  6682 | D:7      | Found a sparkling altar of Nemelex Xobeh.
  7932 | D:8      | Found an ornate altar of the Wu Jian Council.
  8045 | D:8      | Reached skill level 1 in Poison Magic
  8045 | D:8      | Reached XP level 10. HP: 72/72 MP: 19/19
  8334 | D:10     | Entered Level 10 of the Dungeon
  8412 | D:10     | Found a shadowy altar of Dithmenos.
  8433 | D:9      | Reached skill level 1 in Fire Magic
  8561 | D:10     | Noticed Urug
  8582 | D:9      | Reached skill level 5 in Armour
  8635 | D:9      | Noticed Maggie
  8641 | D:9      | Offered knowledge of Momentum Strike by Vehumet.
  8650 | D:9      | Killed Maggie
  8651 | D:9      | Reached skill level 5 in Fighting
  8687 | D:9      | Noticed a two-headed ogre
  8752 | D:9      | Found Sinkovat's Book Boutique.
  8786 | D:8      | Reached *** piety under Vehumet
  8787 | D:8      | Reached skill level 5 in Conjurations
  8800 | D:9      | Bought a book of Geomancy for 234 gold pieces
  8804 | D:9      | Learned a level 3 spell: Stone Arrow
  8882 | D:9      | Killed a two-headed ogre
  8883 | D:9      | Reached skill level 1 in Earth Magic
  8883 | D:9      | Reached XP level 11. HP: 62/80 MP: 14/20
  9005 | D:9      | Noticed Grum
  9023 | D:9      | Killed Grum
  9027 | D:9      | You fall into a shaft and drop 1 floor!
  9347 | D:11     | Noticed a two-headed ogre
  9362 | D:11     | Killed a two-headed ogre
  9363 | D:11     | Reached skill level 5 in Ice Magic
  9603 | D:11     | Noticed a manticore
  9734 | D:10     | Found a staircase to the Orcish Mines.
  9761 | D:10     | Killed Urug
  9831 | Orc:1    | Entered Level 1 of the Orcish Mines
  9841 | D:10     | Offered knowledge of Inner Flame by Vehumet.
 10152 | Orc:1    | Noticed an orc high priest
 10285 | D:10     | Reached skill level 7 in Spellcasting
 10393 | D:10     | Killed an orc high priest
 10485 | Orc:1    | Reached **** piety under Vehumet
 10714 | Orc:2    | Entered Level 2 of the Orcish Mines
 10811 | Orc:2    | Found a staircase to the Elven Halls.
 10811 | Orc:2    | Noticed an orc sorcerer
 10820 | Orc:2    | Killed an orc sorcerer
 10902 | Orc:1    | Reached XP level 12. HP: 88/88 MP: 19/22
 11016 | Orc:2    | Found Imib's Distillery.
 11016 | Orc:2    | Found Yruoc's Antique Weapon Shop.
 11049 | Orc:2    | Noticed an orc warlord
 11052 | Orc:2    | Reached skill level 5 in Earth Magic
 11067 | Orc:1    | Reached skill level 5 in Fire Magic
 11446 | Orc:1    | Offered knowledge of Freezing Cloud by Vehumet.
 11453 | Orc:1    | Learned a level 5 spell: Freezing Cloud
 11488 | Orc:1    | Reached skill level 5 in Dodging
 11759 | Orc:1    | Killed an orc warlord
 11925 | Orc:2    | Noticed an orc high priest
 11928 | Orc:2    | Killed an orc high priest
 12220 | Orc:2    | Found Eruyb's General Store.
 12250 | Orc:2    | Bought a potion of heal wounds for 75 gold pieces
 12285 | Orc:2    | Bought a scroll of identify for 26 gold pieces
 12285 | Orc:2    | Bought a scroll of revelation for 97 gold pieces
 12306 | Orc:2    | Found Viubb's Assorted Antiques.
 12314 | Orc:2    | Bought a shimmering orcbow for 306 gold pieces
 12314 | Orc:2    | Identified the +3 orcbow of Action {freeze, rElec rC+ MP+9
                  | Dex+5} (You bought it in a shop on level 2 of the Orcish
                  | Mines)
 12373 | Orc:2    | Found Negirum's Antique Armour Shoppe.
 12375 | Orc:2    | Noticed an orc high priest
 12383 | Orc:2    | Killed an orc high priest
 12392 | Orc:2    | Bought an ancient buckler for 266 gold pieces
 12392 | Orc:2    | Identified the +5 buckler of Philately {Str+5 Int-5 Stlth+}
                  | (You bought it in a shop on level 2 of the Orcish Mines)
 12465 | Orc:2    | Found Zanwiazy's Book Boutique.
 12641 | Orc:2    | Found Pocaj's Assorted Antiques.
 12646 | Orc:2    | Bought a scroll labelled LAOSYECUPU for 29 gold pieces
 12646 | Orc:2    | Bought a scroll labelled GOUSURAIKH for 29 gold pieces
 12712 | Orc:2    | Found Usaseosu's Jewellery Boutique.
 12847 | Orc:1    | Noticed a two-headed ogre
 12852 | Orc:1    | Killed a two-headed ogre
 12853 | Orc:1    | Reached skill level 1 in Shields
 13229 | D:10     | Reached skill level 8 in Spellcasting
 13432 | D:9      | Reached XP level 13. HP: 93/93 MP: 23/25
 13445 | D:9      | Reached skill level 5 in Air Magic
 13447 | D:10     | Reached ***** piety under Vehumet
 13559 | D:9      | You fall into a shaft and drop 2 floors!
 13825 | D:11     | Found a shimmering altar of Xom.
 13827 | D:11     | Found a shimmering altar of Xom.
 13827 | D:11     | Found a shimmering altar of Xom.
 13828 | D:11     | Found a shimmering altar of Xom.
 13829 | D:11     | Found a shimmering altar of Xom.
 13964 | D:11     | Found a shimmering altar of Xom.
 14428 | D:9      | Offered knowledge of Iskenderun's Battlesphere by Vehumet.
 14483 | D:9      | Noticed a catoblepas
 15025 | D:8      | Found a staircase to the Lair.
 15115 | Lair:1   | Entered Level 1 of the Lair of Beasts
 15590 | Lair:1   | Noticed Fannar
 16018 | Lair:2   | Noticed a six-headed hydra
 16028 | Lair:2   | Killed a six-headed hydra
 16117 | Lair:2   | Noticed an eight-headed hydra
 16217 | Lair:1   | Reached skill level 5 in Shields
 17295 | Lair:2   | Noticed a five-headed hydra
 17302 | Lair:2   | Killed a five-headed hydra
 17326 | Lair:2   | Reached XP level 14. HP: 103/103 MP: 3/26
 17523 | Lair:2   | Found a runed translucent door.
 17555 | Lair:2   | Reached skill level 9 in Spellcasting
 17973 | Lair:2   | Found a staircase to the Swamp.
 18515 | Lair:3   | Found the +16 obsidian axe {drain, demonic, Mesm Drain Fly
                  | SInv}
 18640 | Lair:3   | Found a staircase to the Snake Pit.
 18730 | Lair:3   | Reached skill level 10 in Conjurations
 19442 | Lair:5   | Entered Level 5 of the Lair of Beasts
 19777 | Lair:4   | Noticed Josephine
 19783 | Lair:4   | Killed Josephine
 19947 | Lair:4   | Learned a level 4 spell: Passage of Golubria
 20020 | Lair:4   | Reached skill level 1 in Translocations
 20850 | Lair:4   | Offered knowledge of Conjure Ball Lightning by Vehumet.
 20912 | Lair:5   | Reached skill level 10 in Spellcasting
 20912 | Lair:5   | Reached XP level 15. HP: 110/110 MP: 13/29
 21474 | Lair:5   | Reached skill level 5 in Translocations
 21852 | Lair:5   | Found a staircase to the Slime Pits.
 22256 | Lair:5   | Reached skill level 11 in Spellcasting
 23399 | Lair:5   | Identified the ring "Fizis" {rF+ rC- Dex+5 SInv}
 23532 | Slime:1  | Entered Level 1 of the Pits of Slime
 23537 | Slime:1  | Noticed an acid blob
 24004 | D:5      | Identified the +0 plate armour of Dim Light {rF+}
 24021 | D:6      | You fall into a shaft and drop 1 floor!
 24232 | D:5      | Identified the +6 scimitar of Eternal Vigilance {distort,
                  | Str+3}
 24461 | Elf:1    | Entered Level 1 of the Elven Halls
 24719 | D:12     | Reached skill level 12 in Spellcasting
 24721 | D:12     | Offered knowledge of Lee's Rapid Deconstruction by Vehumet.
 24728 | D:12     | Learned a level 2 spell: Sublimation of Blood
 25600 | D:9      | Bought a book of the Spheres for 702 gold pieces
 25608 | D:9      | Learned a level 7 spell: Orb of Destruction
 25615 | D:9      | Learned a level 6 spell: Conjure Ball Lightning
 26354 | D:9      | Identified the +0 robe "Miuxury" {Harm}
 27049 | D:13     | Found a gate to the Vaults.
 27062 | D:13     | Reached XP level 16. HP: 117/117 MP: 10/32
 27219 | D:13     | Found a huge runed gate.
 27219 | D:13     | Found a huge runed gate.
 27219 | D:13     | Found a huge runed gate.
 27220 | D:13     | Found a huge runed gate.
 27220 | D:13     | Found a huge runed gate.
 27220 | D:13     | Found a huge runed gate.
 27221 | D:13     | Found a huge runed gate.
 27221 | D:13     | Found a huge runed gate.
 27221 | D:13     | Found a huge runed gate.
 27222 | D:13     | Found a huge runed gate.
 27232 | D:13     | Found a huge runed gate.
 27232 | D:13     | Found a huge runed gate.
 27232 | D:13     | Found a huge runed gate.
 27232 | D:13     | Found a huge runed gate.
 27232 | D:13     | Found a huge runed gate.
 27232 | D:13     | Found a huge runed gate.
 27233 | D:13     | Found a huge runed gate.
 27234 | D:13     | Found a huge runed gate.
 27235 | D:13     | Found a huge runed gate.
 27245 | D:13     | Found a huge runed gate.
 27245 | D:13     | Found a huge runed gate.
 27245 | D:13     | Found a huge runed gate.
 27245 | D:13     | Found a huge runed gate.
 27245 | D:13     | Found a huge runed gate.
 27245 | D:13     | Found a huge runed gate.
 27246 | D:13     | Found a huge runed gate.
 27247 | D:13     | Found a huge runed gate.
 27248 | D:13     | Found a huge runed gate.
 27256 | D:13     | Found a huge runed gate.
 27256 | D:13     | Found a huge runed gate.
 27256 | D:13     | Found a huge runed gate.
 27256 | D:13     | Found a huge runed gate.
 27256 | D:13     | Found a huge runed gate.
 27256 | D:13     | Found a huge runed gate.
 27257 | D:13     | Found a huge runed gate.
 27258 | D:13     | Found a huge runed gate.
 27957 | D:14     | Found a transporter.
 27962 | D:14     | Found a transporter.
 27964 | D:14     | Noticed Ynonecli's ghost (journeyman NaHu)
 27971 | D:15     | Entered Level 15 of the Dungeon
 28088 | D:14     | Found a bloodstained altar of Trog.
 28390 | D:14     | Found a glowing silver altar of Zin.
 29357 | D:14     | Noticed Rupert
 29369 | D:14     | You fall into a shaft and drop 1 floor!
 30225 | D:14     | Reached skill level 13 in Spellcasting
 30537 | D:14     | Killed Rupert
 30995 | D:15     | Offered knowledge of Starburst by Vehumet.
 31358 | D:15     | Found a staircase to the Depths.
 31922 | D:13     | Noticed a fire giant
 31922 | D:13     | Noticed a frost giant
 31934 | D:13     | You fall into a shaft and drop 1 floor!
 32091 | Orc:2    | Bought 2 potions of heal wounds for 150 gold pieces
 32091 | Orc:2    | Bought a potion of heal wounds for 75 gold pieces
 32091 | Orc:2    | Bought a potion of curing for 45 gold pieces
 32091 | Orc:2    | Bought a potion of invisibility for 120 gold pieces
 32339 | Lair:2   | Reached XP level 17. HP: 70/118 MP: 34/34
 32718 | Lair:5   | Learned a level 5 spell: Fireball
 33471 | Lair:1   | Killed Fannar
 33860 | Snake:1  | Entered Level 1 of the Snake Pit
 33869 | Snake:1  | Reached skill level 1 in Necromancy
 34576 | Snake:1  | Noticed Roxanne
 34816 | Snake:2  | Noticed Aizul
 34986 | Snake:1  | Identified the +11 shortbow of the Hawk {drain, Will+
                  | Dex+5}
 35340 | Snake:1  | Reached skill level 5 in Necromancy
 35630 | Snake:1  | Noticed Mlioglotl
 36390 | Snake:2  | Reached skill level 10 in Translocations
 36518 | Snake:2  | Reached skill level 14 in Spellcasting
 36518 | Snake:2  | Reached XP level 18. HP: 122/132 MP: 28/36
 36768 | Snake:2  | Noticed Kirke
 36777 | Snake:2  | Killed Kirke
 36792 | Snake:2  | Offered knowledge of Ozocubu's Refrigeration by Vehumet.
 37333 | Snake:2  | Reached skill level 10 in Stealth
 37469 | Snake:2  | Killed Aizul
 37973 | Snake:1  | Killed Roxanne
 38457 | Swamp:1  | Entered Level 1 of the Swamp
 38794 | D:13     | You are sucked into a shaft and drop 1 floor!
 39559 | D:13     | Identified the +2 orcbow of Gooric {drain, rPois Str-2
                  | Stlth+}
 39578 | D:13     | Learned a level 4 spell: Iskenderun's Mystic Blast
 40226 | Swamp:1  | Noticed Jorgrun
 40232 | Swamp:1  | Killed Jorgrun
 40750 | Swamp:2  | Reached skill level 10 in Fighting
 40989 | Swamp:1  | Offered knowledge of Leda's Unmaking by Vehumet.
 41959 | Swamp:3  | Reached XP level 19. HP: 140/140 MP: 31/37
 42792 | Swamp:4  | Entered Level 4 of the Swamp
 44119 | Swamp:3  | You are sucked into a shaft and drop 1 floor!
 44510 | Swamp:3  | Reached skill level 15 in Spellcasting
 45040 | Lair:2   | Learned a level 4 spell: Olgreb's Toxic Radiance
 45659 | Elf:1    | Found Vahagn's Dragon-Slaying Spoils.
 46101 | Elf:1    | Offered knowledge of Plasma Beam by Vehumet.
 46199 | Elf:1    | Reached skill level 10 in Shields
 46427 | D:11     | Learned a level 6 spell: Plasma Beam
 46796 | Elf:1    | Found Gama Al Gaa's Assorted Antiques.
 46807 | Elf:1    | Bought a potion of heal wounds for 160 gold pieces
 46807 | Elf:1    | Bought a runed cloak for 240 gold pieces
 46807 | Elf:1    | Bought a steaming leather armour for 224 gold pieces
 46807 | Elf:1    | Identified the +0 leather armour of Blue Leaves {*Slow rC-
                  | rCorr SInv} (You bought it in a shop on level 1 of the
                  | Elven Halls)
 47263 | Elf:3    | Entered Level 3 of the Elven Halls
 47915 | Elf:3    | Got the Tempter's Spellbook of Forbidden Fruit
 48476 | Elf:3    | Reached XP level 20. HP: 147/148 MP: 34/39
 48822 | Elf:2    | Found a runed translucent gate.
 50035 | Elf:2    | Found a runed translucent gate.
 50036 | Elf:2    | Found a runed translucent gate.
 50039 | Elf:2    | Identified the +2 bardiche of the Mauling Genius {drain,
                  | rC- Str+6}
 51984 | Elf:3    | Identified the ring "Lelimp" {rPois Stlth+}
 52174 | Elf:3    | Identified the amulet "Zuozat" {Acrobat Contam Str+5 Int+3}
 53383 | Elf:2    | Reached skill level 10 in Armour
 53533 | Elf:2    | Reached XP level 21. HP: 150/157 MP: 40/40
 53724 | Elf:2    | Reached ****** piety under Vehumet
 53725 | Elf:2    | Reached skill level 16 in Spellcasting
 53780 | Elf:2    | Offered knowledge of Shatter by Vehumet.
 53780 | Elf:2    | Offered knowledge of Chain Lightning by Vehumet.
 53780 | Elf:2    | Offered knowledge of Polar Vortex by Vehumet.
 54991 | Swamp:4  | Got a decaying rune of Zot
 55209 | Swamp:4  | Found an ancient bone altar of Kikubaaqudgha.
 55608 | Swamp:4  | Got the Vellum of the Pit
 56285 | Snake:3  | HP: 2/158 [salamander/+0 halberd (6)]
 56286 | Snake:3  | Quit the game

Illustrated notes

Levels and vault maps discovered:
D:1:      lightli_arrival_lavapool, layout_rooms, chequers_serial_rivers_room_a
D:2:      layout_basic, serial_park_tiny_pond, minmay_three_crescents
D:3:      layout_rooms, gammafunk_temple_overflow_claw, basic_ecumenical_altar,
          kennysheep_jessica_study
D:4:      layout_basic, minmay_goblin_outpost, uniq_natasha, uniq_ijyb
D:5:      cheibrodos_iron_armory, layout_rooms, minmay_temple_entry_hall,
          due_unseen_surprise
D:6:      layout_layer_cave, minmay_fractal_squares_diagonal_5
D:7:      layout_loops_ring, nemelex_diamond_rough_becter, serial_bayou,
          serial_bayou_lagoon_a, serial_bayou_shore_b, serial_bayou_pond_a,
          serial_bayou_shore_b, amcnicky_mini_corridor_feature
D:8:      layout_loops_ring, marbit_many_paths, erik_lair_dragon
D:9:      minmay_the_grid_net [minmay_the_grid_square_x, minmay_the_grid_mess,
          minmay_the_grid_all_tris, minmay_the_grid_expand,
          minmay_the_grid_large_cup,
          minmay_the_grid_prize_four_corners_diamond_a], layout_cave_pods,
          serial_shops, shop, chequers_serial_rivers_micro_b, uniq_grum,
          uniq_maggie
D:10:     layout_loops_cross, nicolae_dithmenos_the_darkroom, david_orc_3,
          moated_statue, uniq_urug
D:11:     layout_small_grid, roderic_serpentine_path, hangedman_decor_opposing,
          xom_shifter_show
D:12:     layout_stronghold
D:13:     layout_roguey, hellmonk_vaults_order_and_chaos, door_vault
D:14:     layout_basic, gammafunk_ghost_wrathful_warriors, serial_undead,
          serial_undead_a, serial_undead_c, serial_undead_f, serial_undead_b,
          lemuel_crystal_altar, hangedman_abyss_or_decor_passed, hex_medium,
          nrook_mini_vaults, uniq_rupert
D:15:     hangedman_depths_entry_civil_slaughter, layout_loops_ring
Temple:   nicolae_temple_slightly_damp_pantheon
Lair:1:   dreamdust_cave_troll, layout_layer_cave, grunt_megastairs_5,
          uniq_fannar
Lair:2:   dreamdust_labyrinth, layout_gridlike, palyth_hydra_swamp_entry,
          grunt_megastairs_1
Lair:3:   layout_roguey, nicolae_snake_entry_squirm,
          dreamdust_deal_with_the_devil
Lair:4:   layout_cave_pods, chequers_serial_rivers_micro_d, st_stairs_11,
          chequers_serial_rivers_micro_b, infiniplex_staircase_pool,
          uniq_josephine
Lair:5:   due_jungle_book, layout_regular_city, minmay_slime_entry_pillars,
          grunt_megastairs_2
Swamp:1:  layout_basic_swamp, nicolae_swamp_round_clearing, uniq_jorgrun
Swamp:2:  layout_basic_swamp, nicolae_swamp_treefoil
Swamp:3:  layout_basic_swamp, hangedman_swamp_lotus
Swamp:4:  swamp_fiery, layout_basic_swamp, beargit_kiku_chapel
Snake:1:  layout_misc_corridors, nicolae_snake_naga_rites, grunt_megastairs_3,
          lemuel_fruit_tree, uniq_mlioglotl, uniq_roxanne
Snake:2:  layout_cave_pods, nicolae_snake_squiggles, st_stairs_14,
          evilmike_ambush [evilmike_ambush_outer_pillars,
          evilmike_ambush_inner_basic], nicolae_triple_integral, uniq_aizul,
          uniq_kirke
Snake:3:  layout_honeycomb, nicolae_take_the_stairs, evilmike_ambush
          [evilmike_ambush_outer_doors, evilmike_ambush_inner_pond]
Slime:1:  layout_caves
Orc:1:    layout_caves
Orc:2:    grunt_orc_gardens, layout_diamond_mine, grunt_orc_garden,
          grunt_orc_garden, grunt_orc_garden, grunt_orc_garden, serial_shops,
          shop, shop_fountains, nicolae_shop_real_fake_doors,
          nicolae_shop_gaudy_bauble
Elf:1:    nicolae_elf_arrival_aired_out, layout_loops_corners, serial_shops,
          nicolae_shop_advertising_works [nicolae_subvault_shop_adworks],
          minmay_elf_necromancy, nicolae_shop_dragon_depot
Elf:2:    elven_hall_of_blades_hangedman_original [mumra_blade_entry_bloodbath],
          layout_gridlike, fountainhead
Elf:3:    minmay_elf_hall_circle, layout_loops_corners, pf_eden

Skill      XL: |  1  2  3  4  5  6  7  8  9 10 11 12 13 14 15 16 17 18 19 20 21 |
---------------+----------------------------------------------------------------+-----
Spellcasting   | 1 2 3 4 5 6 7 8 10 12 13 14 15 16 | 16.0
Axes           | 1 2 4 |  4.7
Dodging        | 2 3 4 5 |  5.0
Armour         | 1 2 3 4 5 6 7 8 10 | 10.4
Evocations     | 1 2 3 |  3.0
Ranged Weapons | 1 2 3 |  3.8
Fighting       | 4 5 6 7 8 9 10 11 | 11.6
Ice Magic      | 2 3 4 5 7 8 |  8.0
Conjurations   | 2 3 5 6 7 9 10 12 13 | 13.7
Stealth        | 7 8 9 10 11 12 | 12.0
Air Magic      | 2 3 4 6 8 |  8.0
Poison Magic   | 1 4 |  4.0
Fire Magic     | 2 4 5 7 8 |  8.3
Earth Magic    | 1 4 5 |  5.5
Shields        | 2 5 7 8 9 10 12 | 12.6
Translocations | 3 7 9 10 11 12 | 12.2
Necromancy     | 6 7 9 |  9.8
Maces & Flails | |  2.0

Action                     |  1- 3 |  4- 6 |  7- 9 | 10-12 | 13-15 | 16-18 | 19-21 || total
---------------------------+-------+-------+-------+-------+-------+-------+-------++-------
  Melee: Mace              |     4 |       |       |       |       |       |       ||     4
         Hand axe          |    28 |    86 |   232 |   219 |   153 |   107 |     7 ||   832
         Punch             |       |       |     1 |     5 |       |       |       ||     6
   Fire: Sling             |       |    37 |   143 |       |       |       |       ||   180
         Orcbow            |       |       |       |   126 |   388 |   396 |   239 ||  1149
  Throw: Stone             |     2 |     1 |       |       |       |       |       ||     3
         Dart              |       |       |    21 |     4 |     3 |     8 |     4 ||    40
   Cast: Hailstorm         |       |       |     1 |    11 |     4 |     1 |     3 ||    20
         Mephitic Cloud    |       |       |       |    83 |    16 |    18 |       ||   117
         Sticky Flame      |       |       |       |    47 |    61 |    73 |    12 ||   193
         Freezing Cloud    |       |       |       |    23 |   211 |   206 |   172 ||   612
         Stone Arrow       |       |       |       |       |    10 |    15 |       ||    25
         Passage of Golubr |       |       |       |       |     5 |     7 |    29 ||    41
         Conjure Ball Ligh |       |       |       |       |     3 |    21 |    11 ||    35
         Arcjolt           |       |       |       |       |     2 |       |       ||     2
         Orb of Destructio |       |       |       |       |       |   100 |   133 ||   233
         Fireball          |       |       |       |       |       |    12 |       ||    12
         Sublimation of Bl |       |       |       |       |       |    19 |   101 ||   120
         Iskenderun's Myst |       |       |       |       |       |     3 |   113 ||   116
         Olgreb's Toxic Ra |       |       |       |       |       |       |     3 ||     3
Ability: Shaft Self        |     1 |       |       |     1 |     2 |     3 |     1 ||     8
         Dig               |       |     1 |     1 |       |     8 |     9 |     4 ||    23
  Evoke: Wand              |     3 |       |     1 |    12 |     2 |       |       ||    18
         Lightning rod     |       |       |       |       |       |     2 |       ||     2
    Use: Scroll            |     2 |     2 |     7 |    12 |     8 |     4 |     7 ||    42
         Potion            |       |       |     1 |     3 |     2 |     4 |     9 ||    19
   Stab: Sleeping          |    11 |    10 |     4 |       |       |     1 |       ||    26
         Confused          |       |       |       |    20 |     1 |     1 |       ||    22
 Armour: Leather armour    |     4 |     9 |       |       |       |       |       ||    13
         Ring mail         |       |    24 |    56 |     4 |       |       |       ||    84
         Troll leather arm |       |       |       |    26 |    57 |    73 |    18 ||   174
         Robe              |       |       |       |       |       |       |    16 ||    16
  Dodge: Dodged            |    10 |    61 |   198 |   245 |   165 |   241 |   146 ||  1066
  Block: Other             |       |       |    32 |    81 |     8 |     2 |       ||   123
         Reflection        |       |       |     7 |    10 |     3 |    32 |    46 ||    98
         Buckler           |       |       |       |       |   203 |   217 |    39 ||   459
         Kite shield       |       |       |       |       |       |       |   127 ||   127

Table legend: (Time is in decaauts)
 A = Elapsed time spent in this place.
 B = Non-inter-level travel time spent in this place.
 C = Inter-level travel time spent in this place.
 D = Time resting spent in this place.
 E = Time spent auto-exploring this place.
 F = Levels seen in this place.
 G = Mean time per level.
                   A        B        C        D        E       F      G
               +--------+--------+--------+--------+--------+-----+--------+
         Total |  56948 |  50591 |   6357 |  18422 |  16636 |  34 | 1674.9 |
       Dungeon |  23775 |  20164 |   3611 |   5965 |   7962 |  15 | 1585.0 |
        Temple |     28 |      1 |     27 |      0 |      0 |   1 |   28.0 |
          Lair |  10706 |   9473 |   1233 |   3045 |   3926 |   5 | 2141.2 |
         Swamp |   6242 |   5908 |    334 |   2675 |   1178 |   4 | 1560.5 |
     Snake Pit |   4642 |   4172 |    470 |   1855 |   1194 |   3 | 1547.3 |
    Slime Pits |      9 |      9 |      0 |      0 |      0 |   1 |    9.0 |
  Orcish Mines |   2948 |   2617 |    331 |   1241 |    480 |   2 | 1474.0 |
   Elven Halls |   8594 |   8245 |    349 |   3639 |   1895 |   3 | 2864.7 |
               +--------+--------+--------+--------+--------+-----+--------+

Top non-repeatable levels by time:
   Elf:3: 3452 daAuts
  Lair:5: 3209 daAuts
     D:8: 3082 daAuts
    D:14: 2672 daAuts
   Elf:1: 2583 daAuts
   Elf:2: 2558 daAuts
 Snake:2: 2421 daAuts
  Lair:1: 2297 daAuts
    D:10: 2215 daAuts
 Swamp:4: 2215 daAuts
 Snake:1: 2182 daAuts
  Lair:2: 2088 daAuts
     D:7: 1983 daAuts
  Lair:4: 1930 daAuts
     D:9: 1847 daAuts
